 Dungeon Sprint DCSS version 0.30.1-11-g7821555f0a (webtiles) character file.

Game seed: 4835776189005054602

31 Daroh the Ruffian (level 3, -5/28 HPs)
             Began as a Draconian Transmuter on Dec 8, 2023.
             Was a Plaything of Xom.
             Killed from afar by an air elemental (7 damage)
             ... with a stunning burst
             ... while paralysed by an air elemental
             ... in the Dungeon (Sprint V: "Ziggurat Sprint").
             The game lasted 00:09:16 (364 turns).

Daroh the Ruffian (Draconian Transmuter)             Turns: 364, Time: 00:09:18

Health: -5/28      AC:  5    Str: 20    XL:     3   Next: 7%
Magic:  7/7        EV:  2    Int: 13    God:    Xom [..*...]
Gold:   0          SH:  0    Dex: 17    Spells: 6/7 levels left

rFire   . . .        r - +5 demon blade
rCold   . . .        q - +3 buckler
rNeg    . . .        (body armour unavailable)
rPois   .            (helmet restricted)
rElec   .            (no cloak)
rCorr   .            (no gloves)
SInv    .            (no boots)
Will    .....        (no amulet)
Stlth   ++           y - +6 ring of strength
HPRegen 0.24/turn    v - +6 ring of dexterity
MPRegen 0.10/turn

%: no teleportation
@: paralysed, brilliant
A: AC +5, unfitting armour, cold-blooded
a: Renounce Religion


You were in the Dungeon.
You worshipped Xom.
You were a toy of Xom.
You visited 1 branch

Inventory:

Hand Weapons
 r - a +5 demon blade (weapon)
Armour
 q - a +3 buckler (worn)
Jewellery
 t - a ring of flight
 u - a +6 ring of dexterity
 v - a +6 ring of dexterity (right hand)
 w - a +6 ring of intelligence
 x - a +6 ring of intelligence
 y - a +6 ring of strength (left hand)
 z - a +6 ring of strength
 C - an amulet of guardian spirit
 D - a +6 ring of strength
Wands
 s - a wand of acid (10)
 A - a wand of mindburst (7)
 B - a wand of iceblast (7)
Scrolls
 g - 4 scrolls of blinking
 m - 4 scrolls of amnesia
 n - 7 scrolls of fog
 o - 5 scrolls of identify
 p - 2 scrolls of fear
Potions
 a - a potion of lignification
 b - 10 potions of curing
 c - 10 potions of heal wounds
 d - 6 potions of haste
 e - 7 potions of magic
 f - 3 potions of berserk rage
 h - 2 potions of brilliance
 i - 2 potions of invisibility
 j - 4 potions of resistance
 k - a potion of experience
 l - 5 potions of might


   Skills:
 + Level 1.4 Fighting
 + Level 1.4 Long Blades
 + Level 2.6 Dodging
 + Level 5.1 Unarmed Combat
 + Level 2.9 Spellcasting
 + Level 2.8 Transmutations


You had 6 spell levels left.
You knew the following spells:

 Your Spells              Type           Power      Damage    Failure   Level
a - Beastly Appendage     Tmut           28%        N/A       9%          1

Your spell library contained the following spells:

 Spells                   Type           Power      Damage    Failure   Level
 Wereblood                Tmut           14%        N/A       14%         2
 Spider Form              Tmut/Pois      8%         N/A       43%         3
 Ice Form                 Ice/Tmut       8%         N/A       85%         4


Dungeon Overview and Level Annotations

Branches:
Dungeon (1/1)

Altars:
Ashenzari
Cheibriados
Dithmenos
Elyvilon
Fedhas
Gozag
Hepliaklqana
Kikubaaqudgha
Makhleb
Nemelex Xobeh
Okawaru
Qazlal
Ru
Sif Muna
Trog
Uskayaw
Vehumet
Wu Jian
Xom
Yredelemnul
Zin
The Shining One
Jiyva
Lugonu

Annotations:
D 1 transporter


Innate Abilities, Weirdness & Mutations

Your plain brown scales are hard. (AC +5)
You cannot fit into any form of body armour.
You are cold-blooded and may be slowed by cold attacks.


Message History

Welcome to arena 2.
You enter the transporter and appear at another place. 3 air elementals come into view.
The air elemental fires a burst of electricity at you.
The stunning burst hits you.
You suddenly lose the ability to move!
You can move again.
Found three items.
Found a transporter.
You can't go down here! "Go forth and destroy!"
You feel clever all of a sudden.
The air elemental fires a burst of electricity at you.
The stunning burst hits you!
You shrug off the repeated paralysis!
A shower of butterflies erupts from you!
The air elemental closely misses you.
The air elemental fires a burst of electricity at you.
The stunning burst hits you.
You shrug off the repeated paralysis!
The air elemental attacks as you move away!
The air elemental completely misses you.
The air elemental fires a burst of electricity at you.
The stunning burst hits you.
You shrug off the repeated paralysis!
The air elemental barely misses your butterfly.
The air elemental barely misses you.
You swap places.
The air elemental fires a burst of electricity at you.
The stunning burst misses you. The air elemental hits you.
The air elemental fires a burst of electricity at you.
The stunning burst misses you. You block the air elemental's attack.
The air elemental closely misses you.
The air elemental hits you but does no damage.
The air elemental barely misses you.
There is a transporter landing site here.
You hit the air elemental.
The air elemental is lightly damaged.
You block the air elemental's attack. x3; The air elemental hits you!
* * * LOW HITPOINT WARNING * * *
The air elemental closely misses you.
The air elemental fires a burst of electricity at you.
The stunning burst hits you!
You suddenly lose the ability to move!
You die...
Xom is highly amused!

▓▓▓▓▓▓▓▓▓▓▓▓▓
▓.8©8.▓.8©8.▓
▓.)}[.▓.....▓
▓.bb..▓.....▓
▓.....▓.....▓
▓.....▓.....▓
▓bEEE.▓..©..▓
▓..@..▓▓▓▓▓▓▓
▓▓▓▓▓▓▓


You could see 3 air elementals.

Vanquished Creatures
  An iron imp (D)
  A giant cockroach zombie (D)
2 creatures vanquished.

Notes
Turn   | Place    | Note
-------+----------+-------------------------------------------
     0 | D        | Daroh the Draconian Transmuter began the quest for the Orb.
     0 | D        | Reached XP level 1. HP: 16/16 MP: 3/3
     0 | D        | Found a shimmering blue altar of Sif Muna.
     0 | D        | Found a bloodstained altar of Trog.
     0 | D        | Found a sacrificial altar of Ru.
     0 | D        | Found a stormy altar of Qazlal.
     0 | D        | Found an iron altar of Okawaru.
     1 | D        | Found a sparkling altar of Nemelex Xobeh.
     1 | D        | Found a blossoming altar of Fedhas.
     1 | D        | Found the +6 Majin-Bo {spellvamp, MP+6 Int+6}
     1 | D        | Found the +27 heavy crossbow "Sniper" {heavy, Acc+∞ SInv}
     1 | D        | Found the +10 dark maul {heavy}
     1 | D        | Found the +15 Maxwell's patent armour {-Cast -Tele rElec
                  | Will+ rCorr}
     1 | D        | Found the +18 shield of the Gong {Loud rN+ Will+ rCorr
                  | EV-5}
     1 | D        | Found the +16 obsidian axe {drain, demonic, Mesm Drain Fly
                  | SInv}
     1 | D        | Found the +7 great mace "Firestarter" {flame, immolate,
                  | rFlCloud rF++}
     1 | D        | Found the +6 shillelagh "Devastator" {shatter}
     1 | D        | Found the +11 plutonium sword {Contam Stlth-}
     1 | D        | Found the +8 lance "Wyrmbane" {slay drac, rPois rF+ rC+
                  | AC+3}
     1 | D        | Found the +9 sword of Zonguldrok {reap}
     1 | D        | Found the +13 scythe of Curses {drain, curses, Drain}
     1 | D        | Found the +9 sword of Power {lifebolt}
     1 | D        | Found the +7 mace of Variability {chaos, chaos arc}
     1 | D        | Found the +11 Singing Sword {sonic wave}
     1 | D        | Found the +8 storm bow {elec, penet}
     5 | D        | Found a transporter.
     5 | D        | Found an ancient bone altar of Kikubaaqudgha.
     5 | D        | Found a viscous altar of Jiyva.
     5 | D        | Found a corrupted altar of Lugonu.
     5 | D        | Found a hazy altar of Hepliaklqana.
     5 | D        | Found a burning altar of Makhleb.
     5 | D        | Found an opulent altar of Gozag.
   265 | D        | Became a worshipper of Xom of Chaos
   324 | D        | Entered arena 2.
   324 | D        | Noticed an iron imp
   324 | D        | Found a transporter.
   332 | D        | Killed an iron imp
   333 | D        | Reached skill level 1 in Long Blades
   333 | D        | Reached skill level 5 in Unarmed Combat
   333 | D        | Reached XP level 2. HP: 17/23 MP: 3/5
   333 | D        | Reached XP level 3. HP: 20/28 MP: 4/7
   360 | D        | Entered arena 3.
   360 | D        | Noticed an air elemental
   360 | D        | Noticed an air elemental
   360 | D        | Noticed an air elemental
   360 | D        | Found a transporter.
   360 | D        | Paralysed by an air elemental for 1 turns
   361 | D        | XOM: potion effect (brilliance)
   361 | D        | XOM: butterfly on damage
   364 | D        | Paralysed by an air elemental for 1 turns
   364 | D        | Killed from afar by an air elemental

Illustrated notes

Levels and vault maps discovered:
D:        sprint_v [room_start, room_1, room_2, room_3, room_4, room_5, room_6,
          room_7, room_8, room_9, room_10, room_11, room_12, room_13, room_14,
          room_15, room_16, room_17, room_18, room_19, room_20, room_21,
          room_22, room_23, room_24, room_25, room_26, room_27]

Skill      XL: |  1 |
---------------+----+-----
Long Blades    | 1 |  1.4
Dodging        | 2 |  2.6
Unarmed Combat | 5 |  5.1
Fighting       | |  1.4
Spellcasting   | |  2.9
Transmutations | |  2.8

Action                     || total
---------------------------++-------
  Melee: Demon blade       ||     7
         Tailslap          ||     1
 Armour: Skin              ||     5
  Dodge: Dodged            ||    12
  Block: Buckler           ||     5
